 Dungeon Sprint DCSS version 0.19.1 (webtiles) character file.

44379 XO4YCPATb the Skullcrusher (level 14, -8/183 HPs)
             Began as an Ogre Berserker on Dec 19, 2016.
             Was the Champion of Trog.
             Hit by a large rock thrown by a stone giant (43 damage)
             ... in the Dungeon (Sprint IX: "|||||||||||||||||||||||||||||").
             The game lasted 00:13:43 (3529 turns).

XO4YCPATb the Skullcrusher (Ogre Berserker)         Turns: 3529, Time: 00:13:44

Health: -8/183     AC: 12    Str: 29    XL:     14   Next: 28%
Magic:  0/21       EV: 24    Int:  6    God:    Trog [******]
Gold:   1003       SH:  0    Dex: 16    Spells: 0 memorised, 13 levels left

rFire  . . .     SeeInvis .     y - +7 giant club of Existentialism {crush, rPois Dex+7}
rCold  . . .     Gourm    .     M - +4 moon troll leather armour {Spirit, Regen++ MP+5}
rNeg   . . .     Faith    .     (shield currently unavailable)
rPois  +         Spirit   +     (helmet restricted)
rElec  .         Reflect  .     p - +0 cloak
rCorr  .         Harm     .     (gloves unavailable)
MR     ++...     NoTele   +     (boots unavailable)
Stlth  +.........               I - amulet of regeneration
                                r - +2 ring of evasion
                                J - ring of protection from magic

@: exhausted, slowed, very slow
A: unfitting armour, tough skin 1
a: Berserk, Trog's Hand, Brothers in Arms, Burn Spellbooks, Renounce Religion


You were in the Dungeon.
You worshipped Trog.
Trog was exalted by your worship.
You were not hungry.

You visited 1 branch You collected 1900 gold pieces.
You spent 897 gold pieces at shops.

Inventory:

Hand Weapons
 y - the +7 giant club of Existentialism (weapon) {crush, rPois Dex+7}
   (Trog gifted it to you in the Dungeon)

   It inflicts extra damage upon your enemies.
   It affects your dexterity (+7).
   It protects you from poison.
 z - a +8 antimagic giant spiked club
 H - the +4 giant club "Jellybane" {speed, rF+ rN+}
   (Trog gifted it to you in the Dungeon)

   Attacks with this weapon are significantly faster.
   It protects you from fire.
   It protects you from negative energy.
Missiles
 c - 97 bolts
Armour
 p - a +0 cloak (worn)
 M - the +4 moon troll leather armour (worn) {Spirit, Regen++ MP+5}
   (You found it in the Dungeon)

   It affects your magic capacity (+5).
   It increases your rate of regeneration.
 N - +1 fire dragon scales
Jewellery
 r - a +2 ring of evasion (right hand)
 I - an amulet of regeneration (around neck)
 J - a ring of protection from magic (left hand)
 K - an uncursed ring of ice
 L - an uncursed ring of fire
Wands
 b - a wand of teleportation (2/9)
 m - a wand of iceblast (7/15)
 D - a wand of paralysis (9/24)
Scrolls
 i - 3 scrolls of blinking
 l - 5 scrolls of remove curse
 u - 2 scrolls of enchant weapon
 v - 3 scrolls of fear
 w - 2 scrolls of fog
 A - 2 scrolls of random uselessness {unknown}
 B - a scroll of brand weapon {unknown}
 F - 2 scrolls of recharging
Potions
 d - 6 potions of curing
 e - 12 potions of heal wounds
 f - a potion of haste
 g - 4 potions of magic
 h - 2 potions of berserk rage
 k - a potion of invisibility
 o - a potion of resistance
 C - a potion of agility
 G - a potion of lignification
 O - 4 potions of cure mutation
 P - 2 potions of brilliance
Comestibles
 a - 11 meat rations
 n - 38 fruits
 s - 12 bread rations


   Skills:
 * Level 22.5 Fighting
 O Level 27 Maces & Flails
   Level 6.3 Crossbows
 * Level 10.7 Armour
 * Level 17.0 Dodging
 + Level 3.7 Evocations


You had 13 spell levels left.
You didn't know any spells.

Dungeon Overview and Level Annotations

Branches:
Dungeon (1/1)

Altars:
Cheibriados
Dithmenos
Elyvilon
Fedhas
Gozag
Hepliaklqana
Kikubaaqudgha
Makhleb
Nemelex Xobeh
Okawaru
Qazlal
Ru
Sif Muna
Trog
Uskayaw
Vehumet
Xom
Yredelemnul
Zin
The Shining One
Beogh
Jiyva
Lugonu

Shops:
D **%(


Innate Abilities, Weirdness & Mutations

You are too large for most types of armour.
You have tough skin. (AC +1)


Message History

The stone giant shouts!
The ettin closely misses you. The ettin hits you but does no damage.
Unknown command.
Your deep troll rages.
You see here an ugly thing corpse.
You swap places.
The ettin closely misses your deep troll. x2
Your deep troll bites the ettin!!
The ettin dies!
Trog accepts your kill.
Your Dodging skill increases to level 17!
The stone giant throws a large rock.
The large rock misses your deep troll. The large rock hits you!!
* * * LOW HITPOINT WARNING * * *
Things that are here:
2 large rocks; a stone giant corpse The stone giant throws a large rock.
The large rock barely misses your deep troll.
The large rock hits you!!!
You die...

▓.▓▓▓▓▓▓▓▓▓▓▓▓▓▓▓▓
▓.........'.....))
▓▓▓▓▓▓▓▓▓▓▓▓▓▓▓▓▓▓
▓.................
▓.▓▓▓▓▓▓▓▓▓▓▓▓▓▓▓▓
▓..........(....')
▓▓▓▓▓▓▓▓▓▓▓▓▓▓▓▓▓▓
▓))...............
▓@▓▓▓▓▓▓▓▓▓▓▓▓▓▓▓▓
▓(†)T.C...........
▓▓▓▓▓▓▓▓▓▓▓▓▓▓▓▓▓▓


You could see a stone giant and a friendly deep troll (berserk).

Vanquished Creatures
  A lich (D)
  Agnes (D)
  A thorn hunter (D)
  A nagaraja (D)
  A stone giant (D)
  A very ugly thing (D)
  Azrael (D)
  2 merfolk impalers (D)
  3 ettins (D)
  2 great orbs of eyes (D)
  An ogre mage (D)
  A rakshasa (D)
  Erolcha (D)
  An ice dragon (D)
  Erica (D)
  A hydra (D)
  A deep troll earth mage (D)
  2 centaur warriors (D)
  A shock serpent (D)
  A naga sharpshooter (D)
  2 iron trolls (D)
  A spriggan druid (D)
  3 deep trolls (D)
  A sea snake (D)
  3 hill giants (D)
  An ugly thing (D)
  An orc knight (D)
  3 orb spiders (D)
  A moth of wrath (D)
  6 black mambas (D)
  A yaktaur (D)
  2 water nymphs (D)
  A gargoyle (D)
  2 spiny frogs (D)
  A rime drake (D)
  5 komodo dragons (D)
  An efreet (D)
  2 jumping spiders (D)
  2 merfolk (D)
  3 trolls (D)
  A wind drake (D)
  6 polar bears (D)
  2 hornets (D)
  2 slime creatures (D)
  2 bog bodies (D)
  A blink frog (D)
  2 redbacks (D)
  A shadow (D)
  3 tarantellas (D)
  A wyvern (D)
  3 fire elementals (D)
  2 basilisks (D)
  Eustachio (D)
  A vampire mosquito (D)
  2 mottled dragons (D)
  A naga (D)
  A water moccasin (D)
  A porcupine (D)
  2 hell hounds (D)
  A swamp drake (D)
  12 orc warriors (D)
  3 black bears (D)
  A necrophage (D)
  A wolf (D)
  A crocodile (D)
  3 bullfrogs (D)
  A hound (D)
  6 orc priests (D)
  2 orc wizards (D)
  An iguana (D)
  A worker ant (D)
  2 adders (D)
  6 orcs (D)
  A bat (D)
  A bat skeleton (D)
  A bat zombie (D)
  A giant cockroach (D)
  A goblin (D)
  A frilled lizard (D)
  A giant cockroach zombie (D)
  A jackal skeleton (D)
  2 rats (D)
153 creatures vanquished.

Vanquished Creatures (collateral kills)
  An ettin (D)
1 creature vanquished.

Vanquished Creatures (others)
  An unseen horror (D)
1 creature vanquished.

Grand Total: 155 creatures vanquished

Notes
Turn   | Place    | Note
-------+----------+-------------------------------------------
     0 | D        | XO4YCPATb the Ogre Berserker began the quest for the Orb.
     0 | D        | Reached XP level 1. HP: 24/24 MP: 1/1
    10 | D        | Reached ** piety under Trog
    15 | D        | Reached skill level 5 in Maces & Flails
    37 | D        | Noticed a hound
    37 | D        | Noticed a worker ant
    39 | D        | Reached skill level 5 in Fighting
    39 | D        | Reached skill level 6 in Maces & Flails
    39 | D        | Reached XP level 2. HP: 35/35 MP: 2/2
    46 | D        | Reached *** piety under Trog
    46 | D        | Reached skill level 7 in Maces & Flails
    46 | D        | Reached XP level 3. HP: 44/44 MP: 3/3
    50 | D        | Reached skill level 8 in Maces & Flails
    50 | D        | Reached XP level 4. HP: 53/53 MP: 4/4
    67 | D        | Found a roughly hewn altar of Beogh.
    67 | D        | Found a snail-covered altar of Cheibriados.
    67 | D        | Found a shadowy altar of Dithmenos.
    67 | D        | Found a white marble altar of Elyvilon.
    67 | D        | Found a blossoming altar of Fedhas.
    67 | D        | Found an opulent altar of Gozag.
    68 | D        | Found a hazy altar of Hepliaklqana.
    69 | D        | Found a viscous altar of Jiyva.
    70 | D        | Found an ancient bone altar of Kikubaaqudgha.
    71 | D        | Found a corrupted altar of Lugonu.
    72 | D        | Found a burning altar of Makhleb.
    73 | D        | Found a sparkling altar of Nemelex Xobeh.
    74 | D        | Found an iron altar of Okawaru.
    75 | D        | Found a stormy altar of Qazlal.
    76 | D        | Found a sacrificial altar of Ru.
    77 | D        | Found a deep blue altar of Sif Muna.
    78 | D        | Found a bloodstained altar of Trog.
    79 | D        | Found a hide-covered altar of Uskayaw.
    80 | D        | Found a radiant altar of Vehumet.
    81 | D        | Found a shimmering altar of Xom.
    82 | D        | Found a basalt altar of Yredelemnul.
    83 | D        | Found a glowing silver altar of Zin.
    84 | D        | Found a glowing golden altar of the Shining One.
   127 | D        | Noticed an orc warrior
   127 | D        | Noticed a hill giant
   127 | D        | Noticed a gargoyle
   127 | D        | Noticed a bullfrog
   129 | D        | Reached **** piety under Trog
   134 | D        | Killed a hill giant
   134 | D        | Reached skill level 10 in Fighting
   134 | D        | Reached skill level 13 in Maces & Flails
   134 | D        | Reached XP level 5. HP: 70/70 MP: 5/5
   134 | D        | Reached XP level 6. HP: 79/79 MP: 6/6
   134 | D        | Reached XP level 7. HP: 87/87 MP: 7/7
   136 | D        | Reached skill level 14 in Maces & Flails
   141 | D        | Killed a gargoyle
   141 | D        | Reached skill level 15 in Maces & Flails
   141 | D        | Reached XP level 8. HP: 51/97 MP: 8/8
   351 | D        | Noticed an efreet
   351 | D        | Noticed a shadow
   351 | D        | Noticed a centaur warrior
   357 | D        | Killed an efreet
   357 | D        | Reached skill level 16 in Maces & Flails
   363 | D        | Killed a shadow
   363 | D        | Reached ***** piety under Trog
   368 | D        | Killed a centaur warrior
   368 | D        | Reached skill level 17 in Maces & Flails
   368 | D        | Reached XP level 9. HP: 104/110 MP: 9/9
   563 | D        | Noticed a komodo dragon
   563 | D        | Noticed a black mamba
   563 | D        | Noticed a komodo dragon
   563 | D        | Noticed a komodo dragon
   563 | D        | Noticed a spiny frog
   563 | D        | Noticed a spiny frog
   569 | D        | Killed a komodo dragon
   569 | D        | Reached skill level 18 in Maces & Flails
   569 | D        | Reached skill level 10 in Dodging
   570 | D        | Killed a black mamba
   570 | D        | Received a gift from Trog
   574 | D        | Killed a komodo dragon
   574 | D        | Reached skill level 19 in Maces & Flails
   580 | D        | Killed a komodo dragon
   582 | D        | Killed a spiny frog
   582 | D        | Reached XP level 10. HP: 37/123 MP: 10/10
   584 | D        | Killed a spiny frog
   585 | D        | Noticed a four-headed hydra
   589 | D        | Reached skill level 15 in Fighting
   593 | D        | Killed a four-headed hydra
   593 | D        | Reached skill level 20 in Maces & Flails
  1009 | D        | Reached ****** piety under Trog
  1010 | D        | Received a gift from Trog
  1023 | D        | Reached skill level 21 in Maces & Flails
  1380 | D        | Reached XP level 11. HP: 113/136 MP: 11/11
  1394 | D        | Received a gift from Trog
  1394 | D        | Reached skill level 22 in Maces & Flails
  1485 | D        | Noticed Erica
  1499 | D        | Killed Erica
  1588 | D        | Noticed Erolcha
  1600 | D        | Killed Erolcha
  1600 | D        | Received a gift from Trog
  1705 | D        | Received a gift from Trog
  1707 | D        | Noticed an orc knight
  1718 | D        | Killed an orc knight
  1742 | D        | Got a warped giant club {god gift}
  1743 | D        | Identified the +7 giant club of Existentialism {crush, rPois Dex+7} (Trog gifted it to you in the Dungeon)
  1822 | D        | Reached skill level 23 in Maces & Flails
  1828 | D        | Received a gift from Trog
  1851 | D        | Received a gift from Trog
  2035 | D        | Found Xacw's Assorted Antiques.
  2035 | D        | Noticed a deep troll
  2035 | D        | Noticed a hill giant
  2036 | D        | Noticed a deep troll
  2036 | D        | Killed a deep troll
  2046 | D        | Killed a hill giant
  2050 | D        | Killed a deep troll
  2050 | D        | Reached skill level 24 in Maces & Flails
  2083 | D        | Noticed a hill giant
  2084 | D        | Noticed an ettin
  2085 | D        | Found Wips's Assorted Antiques.
  2091 | D        | Killed an ettin
  2091 | D        | Reached skill level 1 in Armour
  2091 | D        | Reached XP level 12. HP: 121/152 MP: 12/12
  2096 | D        | Found Soban's Food Emporium.
  2100 | D        | Found Dykul's Weapon Shoppe.
  2102 | D        | Noticed an iron troll
  2135 | D        | Noticed an ogre mage
  2142 | D        | Noticed an ettin
  2145 | D        | Noticed an iron troll
  2147 | D        | Killed an iron troll
  2147 | D        | Received a gift from Trog
  2150 | D        | Killed an ogre mage
  2157 | D        | Killed an ettin
  2157 | D        | Reached skill level 25 in Maces & Flails
  2160 | D        | Killed an iron troll
  2183 | D        | Bought a scroll labeled LIAFENAISU for 23 gold pieces
  2183 | D        | Bought a scroll labeled UNIGETU WIKHLO for 23 gold pieces
  2183 | D        | Bought a potion of heal wounds for 115 gold pieces
  2183 | D        | Bought a viscous grey potion for 20 gold pieces
  2183 | D        | Bought a brass wand for 92 gold pieces
  2185 | D        | Bought a scroll of fog for 64 gold pieces
  2185 | D        | Bought a fuming cyan potion for 28 gold pieces
  2185 | D        | Bought a scroll labeled CIR TU CEAMIP for 32 gold pieces
  2185 | D        | Bought a potion of berserk rage for 160 gold pieces
  2185 | D        | Bought a scroll labeled LIAFENAISU for 32 gold pieces
  2185 | D        | Bought a scroll of blinking for 240 gold pieces
  2185 | D        | Bought a fizzy emerald potion for 28 gold pieces
  2186 | D        | Got an ivory giant club {god gift}
  2187 | D        | Identified the +4 giant club "Jellybane" {speed, rF+ rN+} (Trog gifted it to you in the Dungeon)
  2495 | D        | Received a gift from Trog
  2497 | D        | Noticed a centaur warrior
  2505 | D        | Noticed a lich
  2510 | D        | Noticed a rakshasa
  2513 | D        | Noticed an ice dragon
  2516 | D        | Killed a centaur warrior
  2518 | D        | Noticed a deep troll earth mage
  2523 | D        | Killed a lich
  2523 | D        | Received a gift from Trog
  2523 | D        | Reached skill level 5 in Armour
  2524 | D        | Noticed a great orb of eyes
  2526 | D        | Killed a rakshasa
  2528 | D        | Killed an ice dragon
  2528 | D        | Reached skill level 26 in Maces & Flails
  2531 | D        | Noticed a great orb of eyes
  2533 | D        | Killed a deep troll earth mage
  2535 | D        | Killed a great orb of eyes
  2535 | D        | Reached XP level 13. HP: 165/165 MP: 13/13
  2542 | D        | Killed a great orb of eyes
  2542 | D        | Received a gift from Trog
  2689 | D        | Bought 17 bolts for 40 gold pieces
  2878 | D        | Noticed Agnes
  2899 | D        | Killed Agnes
  2899 | D        | Reached skill level 1 in Crossbows
  2899 | D        | Reached skill level 15 in Dodging
  2966 | D        | Noticed Azrael
  2976 | D        | Killed Azrael
  3068 | D        | Noticed a nagaraja
  3075 | D        | Received a gift from Trog
  3085 | D        | Killed a nagaraja
  3085 | D        | Reached skill level 27 in Maces & Flails
  3088 | D        | Received a gift from Trog
  3148 | D        | Received a gift from Trog
  3166 | D        | Received a gift from Trog
  3176 | D        | Reached skill level 5 in Crossbows
  3208 | D        | Noticed a thorn hunter
  3212 | D        | Killed a thorn hunter
  3218 | D        | Received a gift from Trog
  3237 | D        | Received a gift from Trog
  3259 | D        | Noticed a merfolk impaler
  3262 | D        | Received a gift from Trog
  3266 | D        | Noticed a merfolk impaler
  3269 | D        | Reached skill level 1 in Evocations
  3275 | D        | Received a gift from Trog
  3279 | D        | Killed a merfolk impaler
  3279 | D        | Reached XP level 14. HP: 89/180 MP: 8/15
  3292 | D        | Received a gift from Trog
  3394 | D        | Noticed Eustachio
  3399 | D        | Killed Eustachio
  3477 | D        | Noticed a stone giant
  3500 | D        | Reached skill level 10 in Armour
  3503 | D        | Received a gift from Trog
  3504 | D        | Noticed a purple very ugly thing
  3508 | D        | Killed a stone giant
  3517 | D        | Killed a purple very ugly thing
  3526 | D        | Noticed a stone giant
  3529 | D        | Hit by a large rock thrown by a stone giant

Skill      XL: |  1  2  3  4  5  6  7  8  9 10 11 12 13 14 |
---------------+-------------------------------------------+-----
Maces & Flails | 6 7 8 13 15 17 19 21 24 26 27 | 27.0
Dodging        | 3 4 7 8 9 10 12 13 14 16 17 | 17.0
Fighting       | 5 6 10 11 13 14 16 18 19 21 22 | 22.5
Armour         | 1 6 9 10 | 10.7
Crossbows      | 6 |  6.3
Evocations     | 1 3 |  3.7

Action                   |  1- 3 |  4- 6 |  7- 9 | 10-12 | 13-15 || total
-------------------------+-------+-------+-------+-------+-------++-------
Melee: Mace              |    23 |     5 |       |       |       ||    28
       Morningstar       |       |     5 |     9 |       |       ||    14
       Giant club        |       |       |    37 |   160 |   166 ||   363
       Giant spiked club |       |       |       |    45 |       ||    45
Invok: Berserk           |     1 |     1 |     1 |     6 |     5 ||    14
       Trog's Hand       |       |     1 |     2 |     6 |     3 ||    12
       Brothers in Arms  |       |       |       |     1 |     1 ||     2
  Use: Scroll            |       |       |       |     3 |       ||     3
       Potion            |       |       |       |       |     1 ||     1
 Stab: Distracted        |       |       |       |     1 |     1 ||     2
       Confused          |       |       |       |       |     1 ||     1
  Eat: Chunk             |       |       |     2 |     6 |     2 ||    10
       Bread ration      |       |       |       |     1 |       ||     1
       Beef jerky        |       |       |       |     1 |       ||     1
       Fruit             |       |       |       |     2 |       ||     2
       Meat ration       |       |       |       |       |     2 ||     2
Armor: Animal skin       |     8 |     2 |     1 |     9 |       ||    20
       Robe              |       |       |       |     1 |       ||     1
       Troll leather arm |       |       |       |     8 |    18 ||    26
Dodge: Dodged            |     9 |     5 |    10 |   103 |   104 ||   231
